 Dungeon Crawl Stone Soup version 0.28.0-53-g5a82cb258f (webtiles) character file.

Game seed: 16945776531969644093

382 bnorton916 the Magician (level 6, 0/32 HPs)
             Began as a Deep Elf Fire Elementalist on June 9, 2022.
             Slain by a white imp (2 damage)
             ... on level 4 of the Dungeon.
             The game lasted 00:02:21 (3798 turns).

bnorton916 the Magician (DEFE)                      Turns: 3798, Time: 00:02:21

Health: 0/32       AC:  3    Str:  7    XL:     6   Next: 47%
Magic:  8/16       EV: 12    Int: 22    God:
Gold:   106        SH:  0    Dex: 15    Spells: 6/16 levels left

rFire   . . .      SeeInvis .   o - +8 dagger of Urgency {speed, Str+2}
rCold   . . .      Faith    .   (no shield)
rNeg    . . .      Spirit   .   a - +0 robe
rPois   .          Reflect  .   (no helmet)
rElec   .          Harm     .   (no cloak)
rCorr   .          Rampage  .   n - +0 pair of gloves
Will    .....                   (no boots)
Stlth   ++........              (no amulet)
HPRegen 0.10/turn               (no ring)
MPRegen 0.15/turn               (no ring)

@: slowed, very slow
A: no striking features
a: no special abilities


You were on level 4 of the Dungeon.
You visited 1 branch of the dungeon, and saw 4 of its levels.

You collected 106 gold pieces.

Inventory:

Hand Weapons
 c - a +0 dagger of venom
 o - the +8 dagger of Urgency (weapon) {speed, Str+2}
   (You found it on level 2 of the Dungeon)

   Attacks with this weapon are significantly faster.
   Str:       It affects your strength (+2).
Missiles
 b - 38 stones
 j - 3 poisoned darts
Armour
 a - a +0 robe (worn)
 n - a +0 pair of gloves (worn)
Jewellery
 g - the amulet "Rogead" {Reflect rC- Str+3 Dex+4 SH+5 Stlth+}
   (You found it on level 2 of the Dungeon)

   [amulet of reflection]

   It reflects blocked missile attacks.
   Str:       It affects your strength (+3).
   Dex:       It affects your dexterity (+4).
   rC:        It makes you vulnerable to cold.
   SH:        It affects your SH (+5).
   Stlth:     It makes you more stealthy.
Scrolls
 d - 2 scrolls of magic mapping {unknown}
 f - a scroll of fog {unknown}
 i - a scroll of enchant weapon {unknown}
 k - a scroll of teleportation {unknown}
 m - 2 scrolls of identify {unknown}
 q - a scroll of acquirement {unknown}
Potions
 e - a potion of heal wounds {unknown}
 h - a potion of might {unknown}
 l - a potion of haste {unknown}
 p - a potion of invisibility {unknown}


   Skills:
 - Level 2.4 Dodging
 - Level 2.4 Stealth
 + Level 5.8 Spellcasting
 + Level 4.2 Conjurations
 + Level 5.3 Fire Magic


You had 6 spell levels left.
You knew the following spells:

 Your Spells              Type           Power      Damage    Failure   Level
a - Foxfire               Conj/Fire      100%       2x1d9     1%          1
b - Scorch                Fire           58%        2d8       1%          2
c - Conjure Flame         Conj/Fire      27%        6-21      3%          3
d - Flame Wave            Conj/Fire      27%        2d7       13%         4

Your spell library contained the following spells:

 Spells                   Type           Power      Damage    Failure   Level
 Inner Flame              Hex/Fire       18%        N/A       10%         3
 Call Canine Familiar     Summ           6%         N/A       28%         3
 Portal Projectile        Hex/Tloc       12%        N/A       28%         3
 Leda's Liquefaction      Hex/Erth       3%         N/A       67%         4


Dungeon Overview and Level Annotations

Branches:
Dungeon (4/15)
 Temple: D:4-7

Altars:
Hepliaklqana
Uskayaw

Shops:
D:2 *


Message History

Casting: Foxfire (safe; 1% risk of failure)
Confirm with . or Enter, or press ? or * to list all spells.
Flames lash the goblin.
You kill the goblin!
You feel very sick.
The kobold brigand hits you with a +0 short sword of protection.
You feel sick.
The kobold brigand hits you with a +0 short sword of protection.
The kobold brigand barely misses you.
Unknown command.
Casting: Scorch (safe; 1% risk of failure)
Confirm with . or Enter, or press ? or * to list all spells.
You conjure some foxfire!
You feel sick.
The kobold brigand hits you with a +0 short sword of protection.
* * * LOW HITPOINT WARNING * * *
An adder skeleton comes into view.
* * * LOW HITPOINT WARNING * * *
You feel sick.
The foxfire hits the kobold brigand!
You kill the kobold brigand!
The foxfire hits the white imp but does no damage.
The white imp gestures at you. The puff of frost misses you.
Unknown command.
Casting: Foxfire (safe; 1% risk of failure)
Confirm with . or Enter, or press ? or * to list all spells.
You conjure some foxfire!
You feel sick.
You are no longer poisoned.
The foxfire hits the white imp.
The white imp is burned terribly!
The white imp is moderately wounded.
The foxfire hits the white imp but does no damage.
The white imp is moderately wounded.
The white imp misses you.
Unknown command.
Casting: Foxfire (safe; 1% risk of failure)
Confirm with . or Enter, or press ? or * to list all spells.
Flames lash the adder skeleton.
The adder skeleton is almost destroyed.
The adder skeleton's fire resistance burns away.
The white imp hits you.
You die...

## ####### ....######
#.....#
#.)Z5@.#########.....#
#...###.ยง..............#
.........#########.....#
#######.# ######.....#
#.# #........... #.#
#.#####...## #.##
#.######.### #..#
#.##.....# #
##.###.##^###.###


You could see a white imp and an adder skeleton (combustible).

Vanquished Creatures
  Sigmund (D:2)
  A kobold brigand (D:4)
  A hound (D:4)
  Jessica (D:2)
  An iguana (D:4)
  2 adders
  2 dart slugs (D:3)
  2 bats
  2 endoplasms
  3 giant cockroaches
  7 goblins
  6 hobgoblins
  3 jackals (D:1)
  5 kobolds
  A quokka (D:1)
  4 ball pythons
  4 frilled lizards
  6 rats
52 creatures vanquished.

Vanquished Creatures (others)
  265 foxfires
265 creatures vanquished.

Grand Total: 317 creatures vanquished

Notes
Turn   | Place    | Note
-------+----------+-------------------------------------------
     0 | D:1      | bnorton916 the Deep Elf Fire Elementalist began the quest
                  | for the Orb.
     0 | D:1      | Reached XP level 1. HP: 10/10 MP: 6/6
   323 | D:1      | Reached XP level 2. HP: 15/15 MP: 4/8
   905 | D:1      | Found a faded altar of an unknown god.
  1187 | D:2      | Identified the amulet "Rogead" {Reflect rC- Str+3 Dex+4
                  | SH+5 Stlth+}
  1215 | D:2      | Reached XP level 3. HP: 4/19 MP: 6/10
  1491 | D:2      | Noticed Sigmund
  1505 | D:2      | Killed Sigmund
  1506 | D:2      | Reached skill level 5 in Spellcasting
  1506 | D:2      | Reached XP level 4. HP: 10/24 MP: 5/13
  1506 | D:2      | Reached XP level 5. HP: 12/28 MP: 5/14
  1803 | D:2      | Found a hide-covered altar of Uskayaw.
  1897 | D:2      | Noticed Jessica
  1901 | D:2      | Killed Jessica
  2132 | D:2      | Found Huosyg's General Store.
  2289 | D:2      | Identified the +8 dagger of Urgency {speed, Str+2}
  2412 | D:3      | Found a hazy altar of Hepliaklqana.
  3056 | D:3      | Reached skill level 5 in Fire Magic
  3313 | D:4      | Reached XP level 6. HP: 31/32 MP: 12/16
  3376 | D:4      | Learned a level 2 spell: Scorch
  3380 | D:4      | Learned a level 3 spell: Conjure Flame
  3385 | D:4      | Learned a level 4 spell: Flame Wave
  3798 | D:4      | Slain by a white imp

Illustrated notes

Levels and vault maps discovered:
D:1:      psy_arrival_conway, layout_basic, basic_ecumenical_altar
D:2:      layout_rooms, basic_altar, serial_shops, nicolae_square_shop,
          uniq_jessica, uniq_sigmund
D:3:      layout_loops_corners, nzn_hepliaklqana_mist_gate,
          minmay_misc_feat_roman
D:4:      layout_loops_ring, minmay_misc_feat_secret_circle

Skill      XL: |  1  2  3  4  5  6 |
---------------+-------------------+-----
Conjurations   | 2 3 4 |  4.2
Spellcasting   | 5 |  5.8
Fire Magic     | 4 5 |  5.3
Dodging        | |  2.4
Stealth        | |  2.4

Action                   |  1- 3 |  4- 6 || total
-------------------------+-------+-------++-------
Melee: Dagger            |       |     1 ||     1
 Cast: Foxfire           |    68 |    89 ||   157
       Scorch            |       |     2 ||     2
Armor: Robe              |       |     1 ||     1
Dodge: Dodged            |     3 |     4 ||     7
